 Dungeon Crawl Stone Soup version 0.28.0-53-g5a82cb258f (webtiles) character file.

Game seed: 4311517223234937407

10462 DemonSlayer the Slinger (level 11, -3/79 (89) HPs)
             Began as a Demonspawn Fire Elementalist on July 29, 2022.
             Was the Champion of Cheibriados.
             Killed from afar by Nergalle (20 damage)
             ... with a bolt of negative energy
             ... on level 2 of the Lair of Beasts.
             The game lasted 00:36:10 (12815 turns).

DemonSlayer the Slinger (DsFE)                     Turns: 12815, Time: 00:36:10

HP:   -3/79 (89)    AC: 12    Str: 25    XL:     11   Next: 36%
MP:   15/23         EV: 14    Int: 35    God:    Cheibriados [******]
Gold: 628           SH:  6    Dex: 32    Spells: 4/27 levels left

rFire   . . .      SeeInvis .   d - +3 hunting sling (flame)
rCold   + . .      Faith    .   D - +0 buckler
rNeg    . . .      Spirit   .   t - +0 swamp dragon scales
rPois   +          Reflect  .   (helmet restricted)
rElec   .          Harm     .   (no cloak)
rCorr   +          Rampage  .   B - +0 pair of gloves
Will    ++...                   e - +0 pair of boots
Stlth   +++.......              j - amulet "Faivo" {RegenMP Drain Will++ rCorr Dex+4}
HPRegen 0.23/turn               b - ring of wizardry
MPRegen 0.58/turn               C - ring of wizardry

@: heavily drained, very slow
A: horns 1, rugged brown scales 2, foul stench 1, robust 1, spiny 2, cold
resistance 1, MP-powered wands
a: Renounce Religion, Bend Time, Temporal Distortion, Slouch, Step From Time


You were on level 2 of the Lair of Beasts.
You worshipped Cheibriados.
Cheibriados was exalted by your worship.
You visited 2 branches of the dungeon, and saw 11 of its levels.
You also visited: Sewer, Ossuary and Bailey.

You collected 698 gold pieces.
You spent 70 gold pieces at shops.

Inventory:

Hand Weapons
 d - a +3 hunting sling of flaming (weapon)
 H - a +3 halberd of electrocution
Missiles
 g - 13 sling bullets (quivered ammo)
 r - 206 stones
Armour
 e - a +0 pair of boots (worn)
 t - +0 swamp dragon scales (worn)
 B - a +0 pair of gloves (worn)
 D - a +0 buckler (worn)
Jewellery
 b - a ring of wizardry (left hand)
 i - an amulet "Myatral" {RegenMP rPois}
   (You found it on level 5 of the Dungeon)

   [amulet of magic regeneration]

   It increases your rate of magic regeneration.
   rPois:     It protects you from poison.
 j - an amulet "Faivo" (around neck) {RegenMP Drain Will++ rCorr Dex+4}
   (You acquired it on level 3 of the Dungeon)

   [amulet of magic regeneration]

   It increases your rate of magic regeneration.
   Dex:       It affects your dexterity (+4).
   rCorr:     It protects you from acid and corrosion.
   Drain:     It drains your maximum health when unequipped.
   Will:      It greatly increases your willpower.
 n - a ring of willpower
 w - a ring of flight
 A - a ring of ice
 C - a ring of wizardry (right hand)
 E - the amulet "Ycvuet" {rF+ Will+ Regen+}
   (You acquired it on level 8 of the Dungeon)

   [amulet of regeneration]

   rF:        It protects you from fire.
   Regen:     It increases your rate of health regeneration.
   Will:      It increases your willpower.
Wands
 q - a wand of iceblast (6)
 y - a wand of charming (8)
 F - a wand of flame (20)
 I - a wand of polymorph (4)
Scrolls
 a - 5 scrolls of enchant armour
 f - 4 scrolls of teleportation
 v - a scroll of vulnerability
 J - a scroll of identify
Potions
 c - 7 potions of curing
 h - 3 potions of flight
 k - 3 potions of cancellation
 m - 2 potions of brilliance
 o - 5 potions of might
 s - a potion of berserk rage {unknown}
 x - 3 potions of lignification
 z - 3 potions of mutation
 G - a potion of heal wounds
Miscellaneous
 p - a tin of tremorstones (2/2)


   Skills:
 + Level 4.6 Fighting
 + Level 8.9 Slings
 + Level 4.8 Armour
 + Level 3.4 Dodging
 + Level 3.5 Stealth
 + Level 1.3 Shields
 + Level 8.9 Spellcasting
 + Level 2.3 Conjurations
 + Level 0.1 Hexes
 + Level 7.6 Fire Magic
 + Level 0.4 Invocations


You had 4 spell levels left.
You knew the following spells:

 Your Spells              Type           Power      Damage    Failure   Level
a - Foxfire               Conj/Fire      100%       2x1d9     1%          1
b - Scorch                Fire           100%       2d10      1%          2
c - Conjure Flame         Conj/Fire      50%        6-21      1%          3
d - Flame Wave            Conj/Fire      50%        2d10      1%          4
e - Dragon's Call         Summ           7%         N/A       100%        9
f - Cause Fear            Hex            8%         N/A       13%         4

Your spell library contained the following spells:

 Spells                   Type           Power      Damage    Failure   Level
 Animate Skeleton         Necr           30%        N/A       1%          1
 Apportation              Tloc           30%        N/A       1%          1
 Summon Small Mammal      Summ           60%        N/A       1%          1
 Inner Flame              Hex/Fire       42%        N/A       1%          3
 Ensorcelled Hibernation  Hex/Ice        30%        N/A       2%          2
 Passwall                 Tmut/Erth      12%        N/A       2%          2
 Swiftness                Air            15%        N/A       4%          3
 Dragon Form              Tmut           7%         N/A       100%        7


Dungeon Overview and Level Annotations

Branches:
Dungeon (9/15)             Temple (0/1) D:6            Lair (2/6) D:9
  Swamp (0/4) Lair:2        Sewer (visited)         Ossuary (visited)
 Bailey (visited)
  Snake: Lair:2-4    Spider: Lair:2-4       Orc: D:9-12

Altars:
Ashenzari
Cheibriados
Kikubaaqudgha
Nemelex Xobeh
Okawaru
Sif Muna
The Shining One
Lugonu

Shops:
D:3 [

Portals:
Abyss: D:6

Annotations:
Lair:2 Nergalle


Innate Abilities, Weirdness & Mutations

You have a pair of small horns on your head.
You are mostly covered in rugged brown scales. (AC +2, +5% HP)
You may rarely emit foul miasma when damaged in melee.
You are robust. (+10% HP)
You are mostly covered in sharp spines.
Your flesh is cold resistant. (rC+)
You expend magic power (3 MP) to strengthen your wands.


Message History

Nergalle grimaces horribly.
As you read the scroll of summoning, it crumbles to dust.
Wisps of shadow whirl around you...
Your magical contamination has completely faded away.
Nergalle points at you and mumbles some strange words.
The bolt of negative energy hits the spectral orc knight.
The spectral orc knight completely resists.
The bolt of negative energy hits you!!
You feel drained.
* * * LOW HITPOINT WARNING * * *
The bolt of negative energy hits your torpor snail!
Your torpor snail is drained!
The spectral orc knight completely misses you.
The spectral orc knight completely misses your water moccasin.
The spectral orc knight hits your yak with a +2 war axe.
Your yak completely misses the water moccasin.
Your water moccasin bites the spectral orc knight.
The water moccasin closely misses your five-headed hydra.
The spectral orc knight hits you but does no damage.
The spectral orc knight hits your five-headed hydra with a +2 war axe!
The spectral orc knight hits your water moccasin with a +2 war axe.
The spectral orc knight hits your yak with a +2 war axe.
The spectral orc knight drains your yak.
The spectral orc knight hits your torpor snail with a +2 war axe!
Your five-headed hydra bites the spectral orc knight!
Your five-headed hydra bites the spectral orc knight but does no damage.
Your five-headed hydra bites the spectral orc knight. x2
Your five-headed hydra bites the spectral orc knight but does no damage.
Your yak misses the water moccasin.
You feel much better.
Your water moccasin bites the spectral orc knight!
The water moccasin bites your five-headed hydra.
Nergalle gestures at you while chanting.
The bolt of negative energy hits your water moccasin!!!
Your water moccasin is drained!
Your water moccasin dies!
Your water moccasin's corpse dissolves into shadows!
The bolt of negative energy hits your five-headed hydra!!!
Your five-headed hydra is drained!
The bolt of negative energy hits you!!
You feel drained.
You die...

,,****,,.......§###......#
#####. ,** ***#......##
###....# #..... **
##....(# *.#### #..#..
#.###..### *##.* ##,#..
#**#.#...###.### #...P
##[oY......P#* *#..≈≈
#.S.....<...***#..≈♣≈
#.YDZ.......,*,..♣♣..
##Y.@w......,*,.P♣≈..
##...!.....,,,,≈≈...
#.........,,,,≈....
###.......,,,≈≈≈,,,
*,#......,,,**≈,,,
***..P.#.,,,≈≈,,,,
*#..##***,,**,,, *..#*
**,,,≈≈≈, ***,,***,,,,,≈≈≈


You could see Nergalle (ally target), a spectral orc knight (summoned, fast,
unaware, ally target), a water moccasin (ally target), a friendly five-headed
hydra (summoned, drained), a friendly torpor snail (summoned, drained) and 3
friendly yaks.

Vanquished Creatures
  Fannar (Lair:2)
  A hydra (Lair:2)
  A two-headed ogre (D:8)
  A catoblepas (Lair:2)
  An orc knight (Bailey)
  An ugly thing (D:9)
  An unseen horror (D:8)
  2 cane toads (Lair:2)
  A kobold demonologist (D:9)
  Maggie (D:6)
  A komodo dragon (Lair:2)
  A troll (D:8)
  4 blink frogs (Lair:2)
  2 wyverns (D:8)
  A basilisk (Lair:2)
  3 water moccasins
  5 sky beasts
  2 orc warriors (D:9)
  An ice beast (D:4)
  An ogre (D:5)
  A phantom (D:4)
  6 kobold brigands
  3 bullfrogs
  2 wyvern zombies
  2 scorpions
  5 killer bees (D:9)
  4 howler monkeys
  3 wights (D:6)
  5 electric eels (D:8)
  3 centaur zombies
  A hound (D:6)
  A jelly (D:5)
  3 orc priests (D:7)
  A centaur skeleton (D:5)
  3 bullfrog skeletons (D:6)
  An iguana (D:4)
  8 orc wizards
  2 hound skeletons (D:4)
  8 mummies (Ossuary)
  10 gnolls
  A howler monkey zombie (D:9)
  14 adders
  3 river rats
  2 white imps
  An ufetubus (D:5)
  A worm zombie (D:7)
  An adder zombie (D:5)
  3 worms
  33 orcs
  A bat (D:1)
  7 endoplasms
  2 giant cockroaches
  3 gnoll zombies (Ossuary)
  7 goblins
  4 hobgoblins
  10 jackals
  4 quokkas
  7 ball pythons
  3 frilled lizards
  2 hobgoblin zombies
  A jackal zombie (D:7)
  21 kobolds
  A kobold zombie (Ossuary)
  3 orc zombies (Ossuary)
  12 rats
  2 lurking horrors (D:6)
253 creatures vanquished.

Vanquished Creatures (collateral kills)
  An ogre (D:5)
  An adder (D:5)
  2 foxfires (D:8)
4 creatures vanquished.

Vanquished Creatures (others)
  A bush (Lair:2)
  62 foxfires
  8 fungi
  43 plants
114 creatures vanquished.

Grand Total: 371 creatures vanquished

Notes
Turn   | Place    | Note
-------+----------+-------------------------------------------
     0 | D:1      | DemonSlayer the Demonspawn Fire Elementalist began the
                  | quest for the Orb.
     0 | D:1      | Reached XP level 1. HP: 13/13 MP: 3/3
  1428 | D:1      | Gained mutation: You are partially covered in rugged brown
                  | scales. (AC +1, +3% HP) [demonic ancestry]
  1428 | D:1      | Reached XP level 2. HP: 12/19 MP: 3/5
  1650 | D:1      | Learned a level 2 spell: Scorch
  1818 | D:2      | Found a faded altar of an unknown god.
  1988 | D:2      | Found a snail-covered altar of Cheibriados.
  2129 | D:2      | Became a worshipper of Cheibriados the Contemplative
  2512 | D:3      | Identified a scroll of acquirement
  2512 | D:3      | Acquired an amulet "Faivo" {RegenMP Drain Will++ rCorr
                  | Dex+4}
  2523 | D:3      | Gained mutation: You may rarely emit foul miasma when
                  | damaged in melee. [demonic ancestry]
  2523 | D:3      | Reached XP level 3. HP: 25/25 MP: 6/6
  2645 | D:3      | Found Zepopn's Antique Armour Shoppe.
  2670 | D:3      | Found an ancient bone altar of Kikubaaqudgha.
  2671 | D:3      | Found a sparkling altar of Nemelex Xobeh.
  2672 | D:3      | Found a broken altar of Ashenzari.
  2838 | D:3      | Reached skill level 1 in Slings
  2849 | D:3      | Found an iron altar of Okawaru.
  2941 | D:3      | Reached * piety under Cheibriados
  2942 | D:3      | Reached skill level 1 in Fighting
  2948 | D:3      | Found a glowing drain.
  2952 | Sewer    | Entered a sewer
  3104 | Sewer    | Gained mutation: You are mostly covered in rugged brown
                  | scales. (AC +2, +5% HP) [demonic ancestry]
  3104 | Sewer    | Reached XP level 4. HP: 26/33 MP: 7/7
  3389 | Sewer    | Noticed a kobold brigand
  3397 | Sewer    | Killed a kobold brigand
  3398 | Sewer    | Gained mutation: You are partially covered in sharp spines.
                  | [demonic ancestry]
  3398 | Sewer    | Reached XP level 5. HP: 39/39 MP: 3/9
  3647 | Sewer    | Reached ** piety under Cheibriados
  3676 | Sewer    | Gained mutation: You are mostly covered in sharp spines.
                  | [demonic ancestry]
  3676 | Sewer    | Reached XP level 6. HP: 46/46 MP: 5/10
  3842 | Sewer    | Learned a level 3 spell: Conjure Flame
  3847 | Sewer    | Learned a level 4 spell: Flame Wave
  3959 | D:3      | Bought a runed robe for 70 gold pieces
  4479 | D:4      | Noticed an ice beast
  4484 | D:4      | Killed an ice beast
  4485 | D:4      | Reached XP level 7. HP: 53/53 MP: 9/12
  4774 | D:4      | Reached *** piety under Cheibriados
  5134 | D:5      | Entered Level 5 of the Dungeon
  5417 | D:5      | Gained mutation: You have a pair of small horns on your
                  | head. [demonic ancestry]
  5417 | D:5      | Reached XP level 8. HP: 59/59 MP: 11/14
  5510 | D:5      | Reached skill level 5 in Slings
  6052 | D:5      | Identified an amulet "Myatral" {RegenMP rPois}
  6093 | D:6      | Reached skill level 5 in Fire Magic
  6128 | D:6      | Found a staircase to the Ecumenical Temple.
  6148 | D:6      | Reached skill level 5 in Spellcasting
  6441 | D:6      | Found a shimmering blue altar of Sif Muna.
  6813 | D:6      | Reached **** piety under Cheibriados
  6843 | D:6      | Found a corrupted altar of Lugonu.
  6843 | D:6      | Found a one-way gate to the infinite horrors of the Abyss.
  7154 | D:6      | Noticed Maggie
  7165 | D:6      | Killed Maggie
  7727 | D:7      | Gained mutation: You are robust. (+10% HP) [demonic
                  | ancestry]
  7727 | D:7      | Reached XP level 9. HP: 60/73 MP: 14/17
  7757 | D:7      | Reached skill level 1 in Armour
  7847 | D:7      | Found a sand-covered staircase.
  7856 | Ossuary  | Entered an ossuary
  9244 | D:7      | Learned a level 9 spell: Dragon's Call
  9377 | D:8      | Acquired the amulet "Ycvuet" {rF+ Will+ Regen+}
  9678 | D:8      | Noticed a troll
  9686 | D:8      | Killed a troll
  9978 | D:8      | Killed an unseen horror
  9979 | D:8      | Reached XP level 10. HP: 74/81 MP: 17/20
 10143 | D:8      | Noticed a two-headed ogre
 10151 | D:8      | Killed a two-headed ogre
 10151 | D:8      | Reached ***** piety under Cheibriados
 10449 | D:8      | Learned a level 4 spell: Cause Fear
 10463 | D:9      | Found a flagged portal.
 10467 | D:9      | Noticed a brown ugly thing
 10471 | Bailey   | Entered a bailey
 10666 | Bailey   | Noticed an orc knight
 10673 | Bailey   | Killed an orc knight
 11062 | Bailey   | Gained mutation: You expend magic power (3 MP) to
                  | strengthen your wands. [potion of mutation]
 11062 | Bailey   | Gained mutation: Your flesh is cold resistant. (rC+)
                  | [potion of mutation]
 11287 | D:9      | Killed a brown ugly thing
 11288 | D:9      | Reached skill level 1 in Shields
 11515 | D:9      | Noticed a rust devil
 11901 | D:9      | Reached ****** piety under Cheibriados
 12188 | D:9      | Found a staircase to the Lair.
 12271 | Lair:1   | Entered Level 1 of the Lair of Beasts
 12289 | Lair:1   | You fall into a shaft and drop 1 floor!
 12308 | Lair:2   | Reached XP level 11. HP: 59/89 MP: 9/23
 12508 | Lair:2   | Noticed a five-headed hydra
 12512 | Lair:2   | Killed a five-headed hydra
 12534 | Lair:2   | Noticed a death yak
 12534 | Lair:2   | Noticed a death yak
 12535 | Lair:2   | Noticed a death yak
 12536 | Lair:2   | Noticed a death yak
 12538 | Lair:2   | Noticed a death yak
 12541 | Lair:2   | Noticed Fannar
 12541 | Lair:2   | Noticed a catoblepas
 12560 | Lair:2   | Killed a catoblepas
 12566 | Lair:2   | Killed Fannar
 12756 | Lair:2   | Found a staircase to the Swamp.
 12801 | Lair:2   | Noticed Nergalle
 12814 | Lair:2   | HP: 2/82 [Nergalle/bolt of negative energy (33)]
 12815 | Lair:2   | Killed from afar by Nergalle

Illustrated notes

Levels and vault maps discovered:
D:1:      dpeg_arrival_brainrot, layout_loops_corners
D:2:      layout_loops_ring, hellmonk_ecumenical_altar_dog_temple, basic_altar
D:3:      layout_basic, mainiacjoe_overflow_small_starburst,
          gammafunk_temple_overflow_forgotten, serial_shops, shop,
          gup_sewer_entry_bowl, lemuel_another_geyser
D:4:      layout_basic
D:5:      layout_loops_ring, minmay_tree_intersection
D:6:      layout_layer_cave, kennysheep_mini_moat, minmay_temple_entry_arrows,
          amcnicky_altar_lugonu_corruption, uniq_maggie
D:7:      layout_layer_cave, tso_altar, enter_ossuary_3
D:8:      layout_basic, serial_bayou, serial_bayou_pond_a, serial_bayou_shore_a,
          serial_bayou_pond_b, serial_bayou_ford_a, minmay_misc_feat_x
D:9:      layout_layer_cave, dpeg_oklobed_lair, enter_bailey_2
Lair:1:   layout_regular_city, uniq_gastronok
Lair:2:   layout_cave_pods, swamp_mist_pool, nicolae_lair_grazing_beasts
          [nicolae_sub_lair_graze_edge, nicolae_sub_lair_graze_edge,
          nicolae_sub_lair_graze_edge, nicolae_sub_lair_graze_edge],
          grunt_megastairs_3, uniq_nergalle, uniq_fannar

Skill      XL: |  1  2  3  4  5  6  7  8  9 10 |
---------------+-------------------------------+-----
Fire Magic     | 3 4 5 6 7 |  7.6
Slings         | 1 2 3 4 6 7 8 |  8.9
Fighting       | 1 2 3 4 |  4.6
Dodging        | 2 3 |  3.4
Stealth        | 2 3 |  3.5
Spellcasting   | 3 4 5 6 8 |  8.9
Armour         | 2 4 |  4.8
Shields        | 1 |  1.3
Conjurations   | 2 |  2.3
Hexes          | |  0.1
Invocations    | |  0.4

Action                   |  1- 3 |  4- 6 |  7- 9 | 10-12 || total
-------------------------+-------+-------+-------+-------++-------
Melee: Hunting sling     |       |       |     4 |       ||     4
       Headbutt          |       |       |     1 |       ||     1
 Fire: Hunting sling     |    74 |    75 |   197 |   132 ||   478
 Cast: Foxfire           |    21 |     4 |    16 |     3 ||    44
       Scorch            |     3 |    19 |    62 |    61 ||   145
       Flame Wave        |       |       |       |    11 ||    11
       Conjure Flame     |       |       |       |     5 ||     5
       Cause Fear        |       |       |       |     1 ||     1
Invok: Bend Time         |       |       |       |     1 ||     1
  Use: Scroll            |     7 |     1 |    10 |     5 ||    23
       Potion            |       |       |     1 |    12 ||    13
Armor: Robe              |    16 |     4 |    11 |       ||    31
       Leather armour    |       |       |     1 |       ||     1
       Swamp dragon scal |       |       |     9 |    20 ||    29
Dodge: Dodged            |    15 |     6 |    30 |    35 ||    86
Block: Buckler           |       |       |     2 |    31 ||    33
